 Dungeon Crawl Stone Soup version 0.20.1-1-g8b1a95d (webtiles) character file.

14 tidbits the Insei (level 2, 0/22 HPs)
             Began as a Demigod Transmuter on Aug 22, 2017.
             Slain by a kobold
             ... wielding a +0 club
              (3 damage)
             ... on level 1 of the Dungeon.
             The game lasted 00:01:27 (135 turns).

tidbits the Insei (Demigod Transmuter)               Turns: 135, Time: 00:01:28

Health: 0/22       AC:  2    Str: 13    XL:     2   Next: 18%
Magic:  6/7        EV: 12    Int: 17    God:
Gold:   29         SH:  0    Dex: 16    Spells: 3/4 levels left

rFire    . . .     SeeInvis .     - Unarmed
rCold    . . .     Gourm    .   (no shield)
rNeg     . . .     Faith    .   b - +0 robe
rPois    .         Spirit   .   (no helmet)
rElec    .         Reflect  .   (no cloak)
rCorr    .         Harm     .   (no gloves)
MR       .....                  (no boots)
Stlth    +.........             (no amulet)
Regen    0.1/turn               (no ring)
MPRegen  0.1/turn               (no ring)

@: appendage (expiring), very slightly contaminated
A: horns 2, high mp 1
a: End Transformation


You were on level 1 of the Dungeon.
You were not hungry.
You had grown temporary horns.
You visited 1 branch of the dungeon, and saw 2 of its levels.

You collected 29 gold pieces.

Inventory:

Missiles
 a - 12 arrows
 f - a throwing net (quivered) {!f}
Armour
 b - a +0 robe (worn)
Scrolls
 e - a scroll of amnesia {unknown}
Books
 c - a book of Changes

   Spells                             Type                      Level
   a - Beastly Appendage              Transmutation                1
   b - Sticks to Snakes               Transmutation                2
   c - Spider Form                    Transmutation/Poison         3
   d - Ice Form                       Ice/Transmutation            4
   e - Blade Hands                    Transmutation                5
Comestibles
 d - a bread ration
 g - a chunk of flesh


   Skills:
 - Level 0.8 Fighting
 - Level 1.7 Dodging
 + Level 3.4 Unarmed Combat
 - Level 1.7 Spellcasting
 - Level 1.7 Transmutations


You had 3 spell levels left.
You knew the following spells:

 Your Spells              Type           Power        Failure   Level  Hunger
e - Beastly Appendage     Tmut           #.....       10%         1    #......


Dungeon Overview and Level Annotations

Branches:
Dungeon (2/15)


Innate Abilities, Weirdness & Mutations

You have an increased reservoir of magic. (+10% MP)
You have a pair of horns on your head.


Message History

The goblin hits you but does no damage.
You hit the goblin but do no damage. Your kick misses the goblin.
The goblin is heavily wounded.
The goblin misses you.
You hit the goblin.
You kill the goblin!
Your Unarmed Combat skill increases to level 3!
Found 2 throwing nets.
Your transformation is almost over.
You see here 2 throwing nets {!f}.
f - 2 throwing nets {!f}
There is a stone staircase leading down here.
Casting: Beastly Appendage
Confirm with . or Enter, or press ? or * to list all spells.
You extend your transformation's duration.
You climb downwards.
An adder comes into view.
The adder hisses angrily.
Found 16 gold pieces and 21 poisoned needles.
There is a stone staircase leading up here.
Found 9 gold pieces.
Throwing (i - inventory):
f - 2 throwing nets (quivered)
{!f}
Press: ? - help, Shift-Dir - straight line, f - adder
Aim: an adder Really fire
f - 2 throwing nets {!f}?
You throw a throwing net {!f}. The throwing net {!f} hits the adder.
The adder is caught in the net!
The adder struggles against the net.
The adder struggles against the net. x2
Found a scroll labeled BIJIKOF SETI.
You hit the adder. You claw the adder.
The adder is heavily wounded.
The adder struggles against the net.
The net rips apart, and the adder comes free!
You hit the adder. Your kick misses the adder.
The adder is almost dead.
The adder bites you.
You barely miss the adder.
The adder is almost dead.
Your transformation is almost over.
The adder barely misses you.
You miss the adder. Your kick misses the adder.
The adder is almost dead.
The adder bites you but does no damage. The adder bites you.
* * * LOW HITPOINT WARNING * * *
You are lethally poisoned!
The adder poisons you!
You hit the adder.
You kill the adder!
You have reached level 2!
You feel sick.
You see here an adder corpse.
You butcher the adder corpse.
You feel sick.
g - a chunk of flesh You see here an adder skeleton.
You feel sick.
Your talons disappear.
You feel sick.
You now have 29 gold pieces (gained 16).
You feel sick.
You feel sick.
You feel sick.
A goblin comes into view.
The goblin shouts!
A kobold comes into view. It is wielding a short sword.
You feel sick.
You are no longer poisoned.
There is a stone staircase leading up here.
You climb upwards.
There is a stone staircase leading down here.
A kobold comes into view. It is wielding a club.
A frilled lizard comes into view.
The frilled lizard hisses angrily.
The kobold throws a stone.
The stone closely misses you.
You see here a stone.
Casting: Beastly Appendage
Confirm with . or Enter, or press ? or * to list all spells.
You miscast Beastly Appendage.
You are very lightly contaminated with residual magic.
Nothing appears to happen.
The kobold throws a stone.
The stone hits you but does no damage.
Casting: Beastly Appendage
Confirm with . or Enter, or press ? or * to list all spells.
You grow a pair of large bovine horns.
The kobold throws a stone.
The stone misses you.
A giant cockroach comes into view.
A hobgoblin comes into view.
Your transformation is almost over.
The kobold throws a stone.
The stone closely misses you. The kobold barely misses you.
You closely miss the kobold. Your headbutt misses the kobold.
The frilled lizard bites you.
* * * LOW HITPOINT WARNING * * *
The kobold hits you but does no damage.
Found a scroll labeled FOSOUFFOTU.
You closely miss the frilled lizard. The frilled lizard barely misses you.
You closely miss the frilled lizard. The frilled lizard barely misses you.
You hit the frilled lizard. You headbutt the frilled lizard.
You kill the frilled lizard!
You barely miss the kobold. The kobold hits you with a club.
You die...

#......#.#..
#.#.## ###>####.#
....##.#†## #...#
.# ...........
#...# ....##!#...
#...# . #.##≈≈
##.## #. #≈≈ #
#(# . ..###♣
♣♣≈#.#####..?.
###.##
♣≈≈≈gK@.....#
#..'
P≈≈≈≈≈≈≈♣♣♣##....
#<## P≈≈≈≈≈≈P≈ .
###♣ ≈≈≈≈≈≈≈≈≈P ≈
≈≈≈≈≈≈≈≈≈≈≈ ≈≈
..P♣≈≈≈≈≈≈≈≈ ##.
.≈...s..≈≈♣≈♣ ..
...........## ##


You could see a hobgoblin and a kobold.

Vanquished Creatures
  An adder (D:2)
  A goblin (D:1)
  A bat (D:1)
  A frilled lizard (D:1)
  2 kobolds (D:1)
  A rat (D:1)
7 creatures vanquished.

Notes
Turn   | Place    | Note
-------+----------+-------------------------------------------
     0 | D:1      | tidbits the Demigod Transmuter began the quest for the Orb.
     0 | D:1      | Reached XP level 1. HP: 15/15 MP: 5/5
    72 | D:1      | Reached skill level 3 in Unarmed Combat
    90 | D:2      | Reached XP level 2. HP: 11/22 MP: 5/7
   129 | D:1      | HP: 2/22 [frilled lizard (3)]
   135 | D:1      | Slain by a kobold

Skill      XL: |  1 |
---------------+----+-----
Unarmed Combat | 3 |  3.4
Fighting       | |  0.8
Dodging        | |  1.7
Spellcasting   | |  1.7
Transmutations | |  1.7

Action                   || total
-------------------------++-------
Melee: Unarmed           ||    24
       Kick              ||     1
       Headbutt          ||     1
Throw: Throwing net      ||     1
 Cast: Beastly Appendage ||     5
 Stab: Sleeping          ||     1
Armor: Robe              ||     8
Dodge: Dodged            ||    19

Table legend:
 A = Turns spent in this place as a percentage of turns spent in the entire game.
 B = Non-inter-level travel turns spent in this place as a percentage of non-inter-level travel turns spent in the entire game.
 C = Inter-level travel turns spent in this place as a percentage of turns spent in this place.
 D = Turns resting spent in this place as a percentage of non-inter-level travel turns spent in this place.
 E = Turns spent auto-exploring this place as a percentage of non-inter-level travel turns spent in this place.
 F = Non-inter-level travel turns spent in this place divided by the number of levels of this place that you've seen.
                   A       B       C       D       E      F
               +-------+-------+-------+-------+-------+----------------------
         Total | 100.0 | 100.0 |   0.0 |   0.0 |   0.0 |  65.0
       Dungeon | 100.0 | 100.0 |   0.0 |   0.0 |   0.0 |  65.0
               +-------+-------+-------+-------+-------+----------------------

Table legend:
 A = Kills in this place as a percentage of kills in entire the game.
 B = Kills by you in this place as a percentage of kills by you in the entire game.
 C = Kills by friends in this place as a percentage of kills by friends in the entire game.
 D = Other kills in this place as a percentage of other kills in the entire game.
 E = Experience gained in this place as a percentage of experience gained in the entire game.
 F = Experience gained in this place divided by the number of levels of this place that you have seen.
                   A       B       C       D       E      F
               +-------+-------+-------+-------+-------+----------------------
         Total | 100.0 | 100.0 |  -nan |  -nan | 100.0 |  10.5
       Dungeon | 100.0 | 100.0 |  -nan |  -nan | 100.0 |  10.5
               +-------+-------+-------+-------+-------+----------------------

Vault maps used:
D:1:      sevenhm_arrival_forest_fort_small_4, serial_bayou_ford_a
D:2:      due_unseen_surprise
